 Dungeon Crawl Stone Soup version 0.28-b1-1-g3c77fb2 (webtiles) character file.

Game seed: 4255132092810053407

116 Host24 the Bolt Thrower (level 5, 0/32 HPs)
             Began as a Kobold Hunter on Jan 29, 2022.
             Succumbed to a water moccasin's poison
             ... on level 4 of the Dungeon.
             The game lasted 00:07:55 (4089 turns).

Host24 the Bolt Thrower (Kobold Hunter)             Turns: 4089, Time: 00:07:55

Health: 0/32       AC:  3    Str: 11    XL:     5   Next: 20%
Magic:  5/5        EV: 14    Int: 13    God:
Gold:   120        SH:  5    Dex: 15    Spells: 4/4 levels left

rFire   . . .      SeeInvis .   b - +0 short sword
rCold   . . .      Faith    .   (no shield)
rNeg    . . .      Spirit   .   c - +0 leather armour
rPois   .          Reflect  +   (no helmet)
rElec   .          Harm     .   (no cloak)
rCorr   .          Rampage  .   (no gloves)
Will    .....                   (no boots)
Stlth   +++.......              h - amulet of reflection
HPRegen 0.10/turn               (no ring)
MPRegen 0.09/turn               (no ring)

@: lethally poisoned (0 -> -19), attractive
A: small, no large weapons, nightstalker 3
a: no special abilities


You were on level 4 of the Dungeon.
You visited 1 branch of the dungeon, and saw 4 of its levels.

You collected 120 gold pieces.

Inventory:

Hand Weapons
 a - a +1 hand crossbow
 b - a +0 short sword (weapon)
 o - a +0 hunting sling
 w - a +0 flail of holy wrath
Missiles
 d - 46 bolts
 g - 51 stones (quivered)
 k - 4 poisoned darts
 n - 50 sling bullets
 p - 21 arrows
Armour
 c - a +0 leather armour (worn)
Jewellery
 e - a ring of fire
 h - an amulet of reflection (around neck)
Scrolls
 m - a scroll of noise
 s - a scroll of enchant weapon
 u - a scroll of blinking
Potions
 f - 2 potions of attraction
 j - a potion of might {unknown}
 l - a potion of resistance {unknown}
 r - 2 potions of invisibility {unknown}
 v - a potion of brilliance {unknown}


   Skills:
 - Level 3.0 Fighting
 + Level 7.0 Crossbows
 - Level 2.4 Dodging
 - Level 1.3 Stealth


You had 4 spell levels left.
You didn't know any spells.
Your spell library contained the following spells:

 Spells                   Type           Power      Damage    Failure   Level
 Call Canine Familiar     Summ           0%         N/A       77%         3
 Portal Projectile        Hex/Tloc       0%         N/A       77%         3
 Hailstorm                Conj/Ice       0%         3d3       99%         4
 Ice Form                 Ice/Tmut       0%         N/A       99%         4
 Leda's Liquefaction      Hex/Erth       0%         N/A       99%         4
 Simulacrum               Ice/Necr       0%         N/A       100%        6


Dungeon Overview and Level Annotations

Branches:
Dungeon (4/15)
 Temple: D:4-7

Altars:
Makhleb

Shops:
D:1 =


Innate Abilities, Weirdness & Mutations

You are small and have problems with some larger weapons.
You are completely attuned to the shadows.


Message History

You kill the orc!
Things that are here:
a +0 dagger; a +0 chain mail HP restored.
Found a stone staircase leading down.
A water moccasin comes into view.
As you read the scroll labelled AMACSAGUUG, it crumbles to dust.
It is a scroll of identify.
s - a scroll of enchant weapon
As you read the scroll of identify, it crumbles to dust.
u - a scroll of blinking The water moccasin bites you!
You block the water moccasin's attack. The water moccasin closely misses you.
The water moccasin barely misses you. The water moccasin closely misses you.
The water moccasin completely misses you.
You block the water moccasin's attack. The water moccasin bites you.
You are poisoned.
The water moccasin poisons you!
As you read the scroll labelled LILYEDE VOYLEG, it crumbles to dust.
You feel aware of your surroundings.
It was a scroll of magic mapping.
You feel sick. The water moccasin barely misses you.
As you read the scroll labelled OQIEMPEREI, it crumbles to dust.
You hear a loud clanging noise!
It was a scroll of noise.
You feel sick.
You hear a shout!
You block the water moccasin's attack.
As you read the scroll labelled ZEODU ZERCH, it crumbles to dust.
The scroll dissolves into smoke.
It was a scroll of fog.
You feel sick. The water moccasin closely misses you.
The water moccasin bites you.
* * * LOW HITPOINT WARNING * * *
You are lethally poisoned!
The water moccasin poisons you!
Okay, then.
* * * LOW HITPOINT WARNING * * *
You feel very sick.
It was a potion of attraction.
You feel attractive to monsters.
You die...

* * * #######################
#......................
#.##...................
#.##.#################.
#.##§#################.
######>..§§@S§§.............
###........§#§§§§.....#######.
##.#.####.####§#######.#*****#.
#...)..........#*,,,,....,.....
##.#.#.........**,**##.##*####.
#..<........,,,,,,,,,,,,,,,,..
#.....##,**,*,,,,***,,,,,,,,..
*#.......,,,,,,,,,,,,,,,,,,,,,,
#........,,,,,,*,******,,,,,,,,


You could see a water moccasin.

Vanquished Creatures
  3 adders (D:2)
  A worm (D:3)
  7 dart slugs
  6 orcs
  2 ball pythons
  7 endoplasms
  7 goblins
  12 hobgoblins
  2 quokkas (D:1)
  5 bats
  A frilled lizard (D:1)
  6 kobolds
  A rat (D:3)
60 creatures vanquished.

Notes
Turn   | Place    | Note
-------+----------+-------------------------------------------
     0 | D:1      | Host24 the Kobold Hunter began the quest for the Orb.
     0 | D:1      | Reached XP level 1. HP: 12/12 MP: 1/1
   225 | D:1      | Reached skill level 5 in Crossbows
   282 | D:1      | Found a faded altar of an unknown god.
   725 | D:1      | Reached XP level 2. HP: 17/18 MP: 2/2
  1163 | D:1      | Found Qomm's Jewellery Shoppe.
  1245 | D:1      | Reached XP level 3. HP: 23/23 MP: 3/3
  2272 | D:2      | Found a burning altar of Makhleb.
  2307 | D:2      | Reached skill level 6 in Crossbows
  2307 | D:2      | Reached XP level 4. HP: 27/28 MP: 4/4
  3317 | D:3      | Reached XP level 5. HP: 32/32 MP: 5/5
  3812 | D:3      | Reached skill level 7 in Crossbows
  4066 | D:4      | Noticed a water moccasin
  4089 | D:4      | Succumbed to a water moccasin's poison

Illustrated notes

Levels and vault maps discovered:
D:1:      saegor_arrival_fortress, layout_basic, basic_ecumenical_altar,
          serial_shops, nicolae_shop_trees, minivault_27
D:2:      layout_rooms, basic_altar
D:3:      layout_basic, chequers_serial_rivers_room_b, wad_orctagon
D:4:      layout_basic, kennysheep_boxes

Skill      XL: |  1  2  3  4  5 |
---------------+----------------+-----
Crossbows      | 5 6 7 |  7.0
Fighting       | 3 |  3.0
Dodging        | |  2.4
Stealth        | |  1.3

Action                   |  1- 3 |  4- 6 || total
-------------------------+-------+-------++-------
Melee: Short sword       |   129 |    65 ||   194
       Punch             |     2 |     1 ||     3
 Fire: Hand crossbow     |       |    21 ||    21
  Use: Scroll            |       |     5 ||     5
       Potion            |       |     1 ||     1
 Stab: Sleeping          |    14 |     9 ||    23
Armor: Leather armour    |    16 |    16 ||    32
Dodge: Dodged            |    53 |    46 ||    99
Block: Other             |    27 |    19 ||    46
       Reflection        |       |     2 ||     2
